 Dungeon Crawl Stone Soup version 0.27-a0-1105-g946c659c87 (webtiles) character file.

Game seed: 278485093976149157

486 kae the Shield-Bearer (level 7, -8/55 HPs)
             Began as a Formicid Fighter on Apr 29, 2021.
             Mangled by Menkaure (20 damage)
             ... on level 4 of the Dungeon.
             The game lasted 00:04:27 (5106 turns).

kae the Shield-Bearer (Formicid Fighter)            Turns: 5106, Time: 00:04:28

Health: -8/55      AC:  7    Str: 22    XL:     7   Next: 35%
Magic:  7/7        EV:  8    Int:  8    God:
Gold:   132        SH: 10    Dex: 10    Spells: 6/6 levels left

rFire    . . .     SeeInvis +   a - +0 long sword (vorpal)
rCold    . . .     Faith    .   c - +0 kite shield
rNeg     . . .     Spirit   .   b - +0 scale mail
rPois    .         Reflect  .   (helmet unavailable)
rElec    .         Harm     .   (no cloak)
rCorr    .         Rampage  .   (no gloves)
Will     .....                  (no boots)
Stlth    ..........             (no amulet)
HPRegen  0.18/turn              g - ring of flight
MPRegen  0.10/turn              (no ring)

@: flying
A: permanent stasis, dig shafts and tunnels, antennae 3, four strong arms
a: Dig, Shaft Self


You were on level 4 of the Dungeon.
You visited 1 branch of the dungeon, and saw 4 of its levels.
You also visited: Sewer.

You collected 132 gold pieces.

Inventory:

Hand Weapons
 a - a +0 vorpal long sword (weapon)
Missiles
 e - a throwing net
 l - a curare-tipped dart
Armour
 b - a +0 scale mail (worn)
 c - a +0 kite shield (worn)
Jewellery
 g - a ring of flight (left hand)
 h - an amulet of reflection
 o - a ring of magical power
Scrolls
 d - a scroll of identify
 f - a scroll of enchant armour
Potions
 i - 6 potions of flight
 j - 2 potions of might
 k - a potion of invisibility
 m - 2 potions of heal wounds
 n - a potion of mutation {unknown}


   Skills:
 + Level 4.7 Fighting
 * Level 4.9 Long Blades
 + Level 4.8 Armour
 + Level 5.4 Shields


You had 6 spell levels left.
You didn't know any spells.
Your spell library contained the following spells:

 Spells                   Type           Power      Damage    Failure   Level
 Beastly Appendage        Tmut           0%         N/A       93%         1
 Corona                   Hex            0%         N/A       93%         1
 Ensorcelled Hibernation  Hex/Ice        0%         N/A       98%         2
 Wereblood                Tmut           0%         N/A       98%         2
 Confusing Touch          Hex            0%         N/A       100%        3
 Dazzling Flash           Conj/Hex       0%         N/A       100%        3
 Spider Form              Tmut/Pois      0%         N/A       100%        3
 Tukima's Dance           Hex            0%         N/A       100%        3
 Ice Form                 Ice/Tmut       0%         N/A       100%        4
 Hydra Form               Tmut           0%         N/A       100%        5


Dungeon Overview and Level Annotations

Branches:
Dungeon (4/15)              Sewer (visited)
 Temple: D:4-7

Altars:

Shops:
D:2 [

Annotations:
D:4 Menkaure


Innate Abilities, Weirdness & Mutations

You cannot be hasted, slowed, berserked, paralysed or teleported.
You can dig through walls and to a lower floor.
You have a pair of large antennae on your head. (SInv)
Your four strong arms can wield two-handed weapons with a shield.


Message History

Found a stone staircase leading up.
No target in view!
No target in view!
Found a whip.
No target in view!
No target in view!
You now have 132 gold pieces (gained 17).
Found a stone staircase leading down.
No target in view!
No target in view!
Menkaure, Prince of Dust comes into view.
Menkaure shouts!
Menkaure gestures wildly while chanting.
Menkaure seems to speed up.
Menkaure is nearby!
You barely miss Menkaure. Menkaure hits you!
Menkaure is nearby!
You slash Menkaure!
Menkaure is heavily damaged.
Menkaure calls on the powers of darkness!
Your body is wracked with pain!
Menkaure calls on the powers of darkness!
Your body is wracked with pain!
* * * LOW HITPOINT WARNING * * *
You are too injured to fight recklessly!
Menkaure is nearby!
You are too injured to fight recklessly!
You are too injured to fight recklessly!
Menkaure is nearby!
You are too injured to fight recklessly!
You are too injured to fight recklessly!
Okay, then.
You hit Menkaure but do no damage.
Menkaure is heavily damaged.
Menkaure barely misses you.
You riposte.
You hit Menkaure.
Menkaure is severely damaged.
You hit Menkaure but do no damage.
Menkaure is severely damaged.
Menkaure hits you!!
You die...

#..###...#
###..#
#...##
.....#
##...##
.....#
##...##
###>.#
##...##
#.##
##...## #.#
##...#
###.##
#...## {
.....#
##..@#
.....#
#.$M#
.....#
##...
.....#
#...#
.....###
#...#
........
.....
......##
######
....#.#
....#.#####


You could see Menkaure (fast).

Vanquished Creatures
  The ghost of PeterLawrence the Shield-Bearer, an amateur MiFi (D:3)
  A necrophage (D:2)
  A kobold brigand (Sewer)
  Jessica (D:3)
  4 gnolls
  A river rat (Sewer)
  9 adders
  2 worms
  A dart slug (D:2)
  5 orcs
  6 ball pythons
  4 bats
  8 endoplasms
  5 giant cockroaches
  3 hobgoblins
  7 jackals
  6 kobolds
  2 quokkas (D:3)
  3 frilled lizards
  6 goblins
  8 rats
84 creatures vanquished.

Notes
Turn   | Place    | Note
-------+----------+-------------------------------------------
     0 | D:1      | kae the Formicid Fighter began the quest for the Orb.
     0 | D:1      | Reached XP level 1. HP: 18/18 MP: 1/1
    27 | D:1      | Reached XP level 2. HP: 15/24 MP: 2/2
   403 | D:1      | Reached XP level 3. HP: 24/29 MP: 3/3
   673 | D:1      | Reached skill level 4 in Shields
   961 | D:2      | Found Kimpoal's Armour Emporium.
  1116 | D:2      | HP: 1/29 [gnoll/+0 whip of electrocution (19)]
  1619 | D:1      | Reached XP level 4. HP: 24/37 MP: 4/4
  2091 | D:2      | Noticed a necrophage
  2107 | D:2      | Killed a necrophage
  2108 | D:2      | Reached XP level 5. HP: 25/42 MP: 5/5
  2334 | D:2      | Found a faded altar of an unknown god.
  2721 | D:3      | Reached XP level 6. HP: 27/48 MP: 6/6
  2923 | D:3      | Found a runed translucent door.
  2924 | D:3      | Noticed PeterLawrence's ghost (amateur MiFi)
  3038 | D:3      | Found a glowing drain.
  3052 | Sewer    | Entered a sewer
  3501 | Sewer    | Found a white marble altar of Elyvilon.
  3623 | D:3      | Reached skill level 5 in Shields
  4406 | D:3      | Noticed Jessica
  4422 | D:3      | Killed Jessica
  4423 | D:3      | Reached XP level 7. HP: 43/55 MP: 7/7
  4775 | D:3      | Killed PeterLawrence's ghost
  5099 | D:4      | Noticed Menkaure
  5106 | D:4      | Mangled by Menkaure

Illustrated notes

Levels and vault maps discovered:
D:1:      lightli_iron_boxes, layout_basic, minmay_misc_feat_chi
D:2:      layout_loops_cross, basic_ecumenical_altar, serial_shops, shop
D:3:      layout_basic, cheibrodos_sewer_entry_bend,
          hellmonk_ghost_happy_afterlife, minmay_snake_closets, uniq_jessica
D:4:      layout_rooms, serial_curves, eino_curves_01, eino_curves_03,
          eino_curves_01, minmay_quadrilaterals, uniq_menkaure

Skill      XL: |  1  2  3  4  5  6 |
---------------+-------------------+-----
Shields        | 4 5 |  5.4
Long Blades    | 3 4 |  4.9
Fighting       | 4 |  4.7
Armour         | 4 |  4.8

Action                   |  1- 3 |  4- 6 |  7- 9 || total
-------------------------+-------+-------+-------++-------
Melee: Long sword        |    71 |   231 |    54 ||   356
Throw: Throwing net      |     2 |       |       ||     2
 Abil: Dig               |     1 |       |       ||     1
  Use: Potion            |     3 |       |     1 ||     4
       Scroll            |       |     3 |     5 ||     8
Armor: Scale mail        |    38 |    87 |    12 ||   137
       Skin              |       |       |     6 ||     6
Dodge: Dodged            |    35 |    88 |    11 ||   134
Block: Kite shield       |    51 |   133 |    21 ||   205
       Rpst.: Long sword |     7 |    27 |     2 ||    36

Table legend: (Time is in decaauts)
 A = Elapsed time spent in this place.
 B = Non-inter-level travel time spent in this place.
 C = Inter-level travel time spent in this place.
 D = Time resting spent in this place.
 E = Time spent auto-exploring this place.
 F = Levels seen in this place.
 G = Mean time per level.
                   A        B        C        D        E       F      G
               +--------+--------+--------+--------+--------+-----+--------+
         Total |   5234 |   5183 |     51 |    467 |   3538 |   5 | 1046.8 |
       Dungeon |   4728 |   4677 |     51 |    467 |   3137 |   4 | 1182.0 |
         Sewer |    506 |    506 |      0 |      0 |    401 |   1 |  506.0 |
               +--------+--------+--------+--------+--------+-----+--------+

Top non-repeatable levels by time:
     D:3: 1754 daAuts
     D:1: 1545 daAuts
     D:2: 1153 daAuts
   Sewer: 506 daAuts
     D:4: 275 daAuts
